 Dungeon Crawl Stone Soup version 0.25-a0-366-g516bc45ae0 (webtiles) character file.

Game seed: 8643711695496049880, levelgen mode: deterministic

151092 Napalmbreeze the Warrior (level 17, -8/220 HPs)
             Began as a Demonspawn Berserker on Jan 6, 2020.
             Was a High Priest of Trog.
             Killed from afar by a nagaraja (19 damage)
             ... with a lance of force
             ... on level 3 of the Snake Pit.
             The game lasted 01:14:00 (32272 turns).

Napalmbreeze the Warrior (Demonspawn Berserker)    Turns: 32272, Time: 01:14:00

Health: -8/220     AC: 23    Str: 28    XL:     17   Next: 0%
Magic:  0/17       EV:  7    Int:  8    God:    Trog [*****.]
Gold:   794        SH: 16    Dex: 19    Spells: 16/16 levels left

rFire    + . .     SeeInvis +   x - +3 broad axe (chop)
rCold    + + +     Gourm    .   s - +0 shield
rNeg     + . .     Faith    .   A - +1 chain mail {rPois}
rPois    +         Spirit   +   (helmet unavailable)
rElec    +         Reflect  .   C - scarf {rC+ rF+}
rCorr    +         Harm     .   M - +2 pair of gloves
MR       ++...                  Y - +0 pair of boots {run}
Stlth    ..........             U - amulet of regeneration
HPRegen  0.86/turn              E - ring of Vovedwes {*Contam rElec rC+ rN+ rCorr Dex+4}
MPRegen  0.15/turn              z - ring "Oricax" {rC+ MR+ AC+4}

@: berserking, lethally poisoned (-8 -> -10), about to teleport, constricted,
very quick
A: antennae 3, large bone plates 1, demonic guardian 2, magic shield
a: Berserk, Trog's Hand, Brothers in Arms, Renounce Religion


You were on level 3 of the Snake Pit.
You worshipped Trog.
Trog was extremely pleased with you.
You were not hungry.

You visited 4 branches of the dungeon, and saw 26 of its levels.
You also visited: Ossuary.

You collected 2478 gold pieces.
You spent 1684 gold pieces at shops.

Inventory:

Hand Weapons
 e - a +2 broad axe of flaming
 x - a +3 broad axe of chopping (weapon)
Armour
 s - a +0 shield (worn)
 A - a +1 chain mail of poison resistance (worn)
 C - a scarf of resistance (worn)
 M - a +2 pair of gloves (worn)
 Y - a +0 pair of boots of running (worn)
Jewellery
 f - an uncursed ring of protection from cold
 q - an uncursed ring of ice {unknown}
 u - an uncursed ring of protection from fire
 z - the ring "Oricax" (right hand) {rC+ MR+ AC+4}
   (You bought it in a shop on level 2 of the Orcish Mines)

   [ring of protection]

   It affects your AC (+4).
   It protects you from cold.
   It affects your resistance to hostile enchantments.
 E - the ring of Vovedwes (left hand) {*Contam rElec rC+ rN+ rCorr Dex+4}
   (You found it on level 15 of the Dungeon)

   [ring of resist corrosion]

   It affects your dexterity (+4).
   It protects you from cold.
   It insulates you from electricity.
   It protects you from negative energy.
   It causes magical contamination when unequipped.
   It provides partial protection from all sources of acid and corrosion.
 U - an amulet of regeneration (around neck)
Wands
 i - a wand of random effects (17)
 j - a wand of scattershot (5)
 y - a wand of digging (15)
 D - a wand of disintegration (33)
 J - a wand of iceblast (8)
 L - a wand of clouds (14)
 Q - a wand of acid (17)
Scrolls
 a - a scroll of enchant armour
 k - 10 scrolls of remove curse
 l - 4 scrolls of magic mapping
 m - 19 scrolls of teleportation
 p - 4 scrolls of blinking
 v - 2 scrolls of fear
 H - 5 scrolls of identify
 N - a scroll of silence
 O - a scroll of fog
Potions
 b - 7 potions of lignification
 d - 15 potions of curing
 g - a potion of agility
 h - 7 potions of flight
 n - a potion of heal wounds
 o - 7 potions of brilliance
 r - 4 potions of might
 t - a potion of resistance
 w - 2 potions of cancellation
 F - a potion of invisibility
 V - a potion of haste
Miscellaneous
 W - a lamp of fire
Comestibles
 c - 44 rations


   Skills:
 - Level 17.2 Fighting
 * Level 16.2 Axes
 + Level 13.3 Armour
 - Level 4.1 Dodging
 + Level 7.0 Shields


You had 16 spell levels left.
You didn't know any spells.
Your spell library was empty.

Dungeon Overview and Level Annotations

Branches:
Dungeon (15/15)            Temple (0/1) D:4            Lair (6/6) D:9
 Shoals (0/4) Lair:4        Snake (3/4) Lair:4        Slime (0/5) Lair:5
    Orc (2/2) D:12            Elf (0/3) Orc:2        Vaults (0/5) D:14
 Depths (0/5) D:15        Ossuary (visited)

Altars:
Cheibriados
Kikubaaqudgha
Okawaru
Ru
Sif Muna
Trog
Beogh
Jiyva

Shops:
D:11 =   D:13 [   Orc:1 (   Orc:2 [=(*(   Snake:1 *%[

Annotations:
D:5 3 runed translucent doors, exclusions: door and 1 more exclusion, Supaplex's ghost, amateur GnIE
Lair:3 RUPERT CAREFUL, Rupert
Lair:5 exclusion: oklob plant
Orc:2 2 transporters, astraldaughter's ghost, journeyman DgCj


Innate Abilities, Weirdness & Mutations

You have a pair of large antennae on your head. (SInv)
You are partially covered in large bone plates. (SH +4)
A demonic guardian rushes to your aid.
When hurt, damage is shared between your health and your magic reserves.


Message History

Unknown command.
You are too berserk!
You slice the naga mage!!
You kill the naga mage!
Trog accepts your kill.
Trog appreciates your killing of a magic user.
Your Shields skill increases to level 7!
You have reached level 17!
Your shield prevents you from hitting the nagaraja.
You slash the nagaraja!
You feel sick.
The nagaraja hits you but does no damage.
* * * LOW HITPOINT WARNING * * *
The nagaraja constricts you.
Unknown command.
You slash the nagaraja!
The nagaraja is severely wounded.
You slice the nagaraja!! The nagaraja casts a spell at you.
The lance of force hits you!!
You die...

#..# #...#
#.≈≈≈...≈≈≈.#^.####.###
#...≈...≈...#....#..#
#...≈...≈...#.##...##
#..≈...≈..##.....##
#..≈≈%≈≈..#.....##
#.%≈≈≈..##.....#
#.N.)N..#......#
#..N@.##......#
#.....#..###.<#
#.....#.#.....#
.#.....###.....#
#......(.))...#.#
....≈≈≈≈≈≈≈†≈..#.#
....≈≈≈%≈.≈≈≈≈.#..
...≈≈..≈≈≈P≈≈≈≈#...
##.≈[.≈≈≈≈..≈≈≈.....


You could see 2 nagarajas and a naga sharpshooter.

Vanquished Creatures
  Gastronok (D:11)
  4 nagarajas
  An orc warlord (Orc:2)
  Nessos (D:14)
  A dire elephant (D:15)
  Snorg (D:12)
  Harold (D:11)
  2 catoblepae (Lair:6)
  An ice dragon (D:12)
  2 hydras
  6 naga warriors
  5 anacondas
  A death knight (D:14)
  3 centaur warriors
  An alligator (Lair:6)
  2 two-headed ogres
  A death yak (Lair:6)
  A tengu warrior (D:14)
  4 shock serpents
  6 naga sharpshooters
  An orc high priest (Orc:2)
  Sonja (D:13)
  4 unseen horrors
  5 sea snakes (Snake:3)
  3 naga ritualists
  2 orc knights (Orc:2)
  Pikel (D:6)
  3 ugly things
  A deep elf mage (D:14)
  8 mana vipers
  A wolf spider (D:15)
  3 orc sorcerers
  4 cyclopes
  4 manticores
  3 ice statues (D:12)
  9 salamanders
  27 black mambas
  4 elephants (Lair:6)
  2 guardian serpents (Snake:3)
  A gargoyle (D:11)
  14 naga magi
  6 spiny frogs
  4 komodo dragons
  10 rime drakes
  A kobold demonologist (D:13)
  3 freezing wraiths (D:14)
  A tengu conjurer (D:15)
  3 meliai (D:13)
  2 polar bears
  5 trolls
  A queen bee (D:13)
  19 slime creatures
  10 blink frogs
  18 hippogriffs
  Sigmund (D:4)
  4 shadows
  3 wyverns (D:15)
  A vampire (D:13)
  A wraith (D:14)
  A spriggan (D:8)
  A human (D:12)
  Grum (D:10)
  19 yaks
  4 vampire mosquitoes (D:14)
  4 steam dragons (Lair:6)
  The ghost of Tegun the Ducker, an amateur OpFi (D:4)
  Menkaure (D:6)
  21 nagas
  A warg (D:12)
  A soldier ant (shapeshifter) (D:13)
  5 water moccasins
  A soldier ant (D:12)
  Duvessa (D:4)
  2 acid dragons
  8 porcupines
  3 slaves (D:6)
  14 ice beasts
  24 orc warriors
  3 sky beasts
  2 eyes of draining (D:14)
  2 black bears
  3 phantoms
  3 boggarts (D:15)
  10 centaurs
  10 ogres
  18 wolves
  10 crocodiles
  2 elf zombies (Ossuary)
  A big kobold (D:13)
  A gnoll sergeant (D:7)
  A wyvern zombie (D:11)
  13 bullfrogs
  2 elf skeletons (D:6)
  A wyvern skeleton (D:14)
  Dowan (D:4)
  6 scorpions
  20 killer bees (D:13)
  10 wights
  4 electric eels
  5 howler monkeys
  7 crimson imps
  2 bullfrog zombies
  2 lava snakes (Lair:5)
  2 quasits
  5 jellies
  3 hounds
  2 human zombies (Ossuary)
  5 centaur skeletons
  7 centaur zombies
  18 orc priests
  4 iguanas
  2 human skeletons (D:6)
  33 orc wizards
  Terence (D:2)
  11 worker ants
  Natasha (thrice) (D:4)
  A big kobold zombie (Ossuary)
  2 hound skeletons
  2 mummies (Ossuary)
  2 howler monkey zombies
  Robin (D:2)
  7 gnolls (D:7)
  16 adders
  4 shadow imps
  2 oozes (D:4)
  An adder skeleton (D:8)
  4 adder zombies
  2 worms (D:2)
  3 dart slugs
  8 leopard geckos
  86 orcs
  5 bats
  6 giant cockroaches
  20 goblins
  13 hobgoblins
  13 jackals
  18 kobolds
  5 quokkas
  6 frilled lizards
  10 hobgoblin zombies (Ossuary)
  2 jackal zombies (Ossuary)
  11 kobold zombies (Ossuary)
  An orc skeleton (D:6)
  5 orc zombies
  A quokka skeleton (D:7)
  7 rats (D:1)
  7 fungi
  3 plants
861 creatures vanquished.

Vanquished Creatures (collateral kills)
  Agnes (Snake:3)
  Aizul (Snake:3)
  A fire dragon (Lair:6)
  2 naga warriors (Snake:3)
  2 hydras
  An ice dragon (D:12)
  An anaconda (Snake:2)
  A centaur warrior (D:15)
  2 death yaks (Lair:6)
  A deep troll shaman (Lair:6)
  A naga sharpshooter (Snake:3)
  A sea snake (Snake:3)
  A naga ritualist (Snake:2)
  2 orc knights
  A deep elf mage (D:15)
  A mana viper (Snake:1)
  An orc sorcerer (Orc:2)
  2 salamanders
  2 ugly things (D:15)
  5 elephants (Lair:6)
  3 naga magi (Snake:3)
  2 black mambas
  An ice statue (D:12)
  A guardian serpent (Snake:3)
  A gargoyle (D:15)
  2 spiny frogs (Lair:6)
  2 rime drakes (Lair:6)
  A komodo dragon (Lair:1)
  2 trolls
  A slime creature (D:15)
  A blink frog (Lair:6)
  A hippogriff (Lair:1)
  5 yaks
  A wyvern (Lair:5)
  A steam dragon (Lair:6)
  2 vampire mosquitoes (D:14)
  A warg (D:12)
  6 nagas
  A water moccasin (Lair:1)
  6 orc warriors
  A slave (D:6)
  An ogre (D:7)
  3 centaurs (D:14)
  2 wolves (Lair:1)
  A crocodile (Lair:6)
  Blork the orc (Orc:2)
  A wight (D:6)
  3 orc priests (Orc:2)
  5 orc wizards
  An iguana (D:10)
  8 orcs
  A jackal (D:7)
  A kobold (D:7)
100 creatures vanquished.

Vanquished Creatures (others)
  An orc priest (Orc:2)
  2 fungi
  3 plants
6 creatures vanquished.

Grand Total: 967 creatures vanquished

Notes
Turn   | Place    | Note
-------+----------+-------------------------------------------
     0 | D:1      | Napalmbreeze the Demonspawn Berserker began the quest for
                  | the Orb.
     0 | D:1      | Reached XP level 1. HP: 18/18 MP: 1/1
   296 | D:1      | Gained mutation: You have a pair of small antennae on your
                  | head. [demonic ancestry]
   296 | D:1      | Reached XP level 2. HP: 18/24 MP: 2/2
  1088 | D:1      | Reached XP level 3. HP: 25/29 MP: 3/3
  1798 | D:2      | Reached ** piety under Trog
  1827 | D:2      | Gained mutation: You are partially covered in large bone
                  | plates. (SH +4) [demonic ancestry]
  1827 | D:2      | Reached XP level 4. HP: 30/35 MP: 4/4
  2241 | D:2      | Noticed Terence
  2253 | D:2      | Killed Terence
  2392 | D:2      | Noticed Robin
  2399 | D:2      | Killed Robin
  2399 | D:2      | Reached XP level 5. HP: 42/42 MP: 5/5
  2979 | D:3      | Reached skill level 4 in Fighting
  3026 | D:3      | Reached *** piety under Trog
  3641 | D:4      | Found a runed translucent door.
  3642 | D:4      | Noticed Tegun's ghost (amateur OpFi)
  3741 | D:4      | Noticed Natasha
  3747 | D:4      | Killed Natasha
  3747 | D:4      | Gained mutation: You have a pair of antennae on your head.
                  | [demonic ancestry]
  3747 | D:4      | Reached XP level 6. HP: 48/48 MP: 6/6
  3807 | D:4      | Noticed Natasha
  3815 | D:4      | Killed Natasha
  3875 | D:4      | Found a staircase to the Ecumenical Temple.
  3899 | D:4      | Reached skill level 1 in Shields
  4400 | D:4      | Noticed Natasha
  4536 | D:4      | Noticed Duvessa
  4536 | D:4      | Noticed Dowan
  4545 | D:4      | Killed Dowan
  4545 | D:4      | Reached XP level 7. HP: 55/55 MP: 7/7
  4555 | D:4      | Killed Duvessa
  4582 | D:4      | HP: 2/55 [poisoned by Duvessa]
  4604 | D:4      | Killed Natasha
  4983 | D:4      | Noticed Sigmund
  4993 | D:4      | Killed Sigmund
  4993 | D:4      | Reached skill level 5 in Fighting
  5205 | D:4      | Killed Tegun's ghost
  5340 | D:5      | Entered Level 5 of the Dungeon
  5592 | D:5      | Found a shimmering blue altar of Sif Muna.
  5740 | D:5      | Reached XP level 8. HP: 41/62 MP: 8/8
  6041 | D:5      | Found a runed translucent gate.
  6262 | D:5      | Found a runed translucent gate.
  6263 | D:5      | Noticed Supaplex's ghost (amateur GnIE)
  6268 | D:5      | Found a runed translucent gate.
  6396 | D:6      | Noticed Menkaure
  6407 | D:6      | Killed Menkaure
  6407 | D:6      | Reached skill level 6 in Fighting
  6573 | D:6      | Found a sand-covered staircase.
  6595 | D:6      | Reached skill level 7 in Fighting
  6632 | Ossuary  | Entered an ossuary
  6834 | Ossuary  | Reached **** piety under Trog
  6948 | Ossuary  | Reached skill level 5 in Axes
  7491 | D:6      | Noticed Pikel
  7496 | D:6      | Reached skill level 8 in Fighting
  7496 | D:6      | Gained mutation: A weak demonic guardian rushes to your
                  | aid. [demonic ancestry]
  7496 | D:6      | Reached XP level 9. HP: 74/74 MP: 9/9
  7510 | D:6      | Killed Pikel
  8192 | D:7      | Reached ***** piety under Trog
  8192 | D:7      | Received a gift from Trog
  8226 | D:7      | Reached skill level 9 in Fighting
  9384 | D:8      | Gained mutation: You have a pair of large antennae on your
                  | head. (SInv) [demonic ancestry]
  9384 | D:8      | Reached XP level 10. HP: 85/85 MP: 10/10
  9536 | D:8      | Reached skill level 10 in Fighting
 10208 | D:9      | Found an ancient bone altar of Kikubaaqudgha.
 11042 | D:9      | Found a staircase to the Lair.
 11349 | D:10     | Entered Level 10 of the Dungeon
 11349 | D:10     | Noticed Grum
 11361 | D:10     | Killed Grum
 11365 | D:10     | Received a gift from Trog
 11540 | D:10     | Noticed a two-headed ogre
 11554 | D:10     | Killed a two-headed ogre
 11554 | D:10     | Reached skill level 10 in Axes
 11717 | D:10     | Found a sacrificial altar of Ru.
 12925 | D:11     | Noticed Gastronok
 12953 | D:11     | Killed Gastronok
 12953 | D:11     | Reached skill level 5 in Armour
 12953 | D:11     | Reached XP level 11. HP: 92/92 MP: 11/11
 13213 | D:11     | Found Dediku's Jewellery Emporium.
 13278 | D:11     | Noticed Harold
 13291 | D:11     | Killed Harold
 13444 | D:11     | Received a gift from Trog
 13496 | D:11     | Noticed a two-headed ogre
 13503 | D:11     | Killed a two-headed ogre
 13568 | D:11     | Reached skill level 11 in Fighting
 14062 | Lair:1   | Entered Level 1 of the Lair of Beasts
 15328 | Lair:2   | Reached XP level 12. HP: 87/101 MP: 12/12
 15356 | Lair:2   | Noticed a four-headed hydra
 15363 | Lair:2   | Killed an eight-headed hydra
 16648 | Lair:3   | Reached skill level 12 in Fighting
 16788 | Lair:3   | HP: 4/102 [black mamba (14)]
 16991 | Lair:3   | Noticed Rupert
 17100 | Lair:4   | Received a gift from Trog
 17110 | Lair:4   | Got a translucent great sword {god gift}
 17113 | Lair:4   | Identified the +6 great sword of the Harvest {antimagic,
                  | rN+ Dex+4} (Trog gifted it to you on level 4 of the Lair of
                  | Beasts)
 17356 | Lair:4   | Found a staircase to the Snake Pit.
 17507 | Lair:4   | Found a staircase to the Shoals.
 17517 | Lair:4   | Found a sacrificial altar of Ru.
 18274 | Lair:5   | Noticed a seven-headed hydra
 18281 | Lair:5   | Killed a seven-headed hydra
 18588 | Lair:5   | Found a viscous altar of Jiyva.
 18588 | Lair:5   | Found a staircase to the Slime Pits.
 18795 | Lair:6   | Entered Level 6 of the Lair of Beasts
 18894 | Lair:6   | Noticed a catoblepas
 18914 | Lair:6   | Killed a catoblepas
 18914 | Lair:6   | Gained mutation: A demonic guardian rushes to your aid.
                  | [demonic ancestry]
 18914 | Lair:6   | Reached XP level 13. HP: 46/109 MP: 13/13
 19068 | Lair:6   | Reached skill level 13 in Fighting
 19305 | Lair:6   | Noticed a fire dragon
 19313 | Lair:6   | Killed a fire dragon
 19527 | Lair:6   | Reached skill level 10 in Armour
 20230 | Lair:6   | Identified a +0 pair of boots of running (You found it on
                  | level 6 of the Lair of Beasts)
 20530 | Lair:1   | Reached skill level 15 in Fighting
 20530 | Lair:1   | Reached XP level 14. HP: 123/123 MP: 14/14
 20980 | D:12     | Found a staircase to the Orcish Mines.
 21078 | D:12     | Noticed Snorg
 21091 | D:12     | Killed Snorg
 22451 | D:13     | Noticed Sonja
 22455 | D:13     | Killed Sonja
 22464 | D:13     | Received a gift from Trog
 22464 | D:13     | Reached XP level 15. HP: 109/129 MP: 15/15
 22710 | D:13     | Found a snail-covered altar of Cheibriados.
 22710 | D:13     | Found Cheibriados's Comfort Zone.
 23517 | D:13     | Received a gift from Trog
 23873 | D:14     | Noticed Nessos
 23876 | D:14     | Found a gate to the Vaults.
 23904 | D:14     | Killed Nessos
 23904 | D:14     | Reached skill level 16 in Fighting
 24143 | D:14     | Found an iron altar of Okawaru.
 25154 | D:15     | Entered Level 15 of the Dungeon
 25163 | D:15     | Received a gift from Trog
 25185 | D:15     | Found a staircase to the Depths.
 25430 | D:15     | Got a steaming bronze ring
 25433 | D:15     | Identified the ring of Vovedwes {*Contam rElec rC+ rN+
                  | rCorr Dex+4} (You found it on level 15 of the Dungeon)
 25553 | D:15     | Paralysed by an orc sorcerer for 5 turns
 26425 | Orc:1    | Entered Level 1 of the Orcish Mines
 26425 | Orc:1    | Found Wecefujoh's Weapon Shop.
 26686 | Orc:1    | Received a gift from Trog
 26858 | Orc:1    | Found a bloodstained altar of Trog.
 27030 | Orc:2    | Entered Level 2 of the Orcish Mines
 27062 | Orc:2    | Found Laub Seg's Antique Weapon Emporium.
 27203 | Orc:2    | Received a gift from Trog
 27299 | Orc:2    | Noticed Blork the orc
 27311 | Orc:2    | Killed Blork the orc
 27317 | Orc:2    | Noticed an orc warlord
 27329 | Orc:2    | Killed an orc warlord
 27579 | Orc:2    | Found a roughly hewn altar of Beogh.
 27634 | Orc:2    | Found Riakyfu's Antique Weapon Emporium.
 27638 | Orc:2    | Found Cieximaw's Antique Armour Emporium.
 27729 | Orc:2    | Found Angom's General Store.
 27743 | Orc:2    | Bought a potion of curing for 42 gold pieces
 27781 | Orc:2    | Found a staircase to the Elven Halls.
 27782 | Orc:2    | Found a transporter.
 27784 | Orc:2    | Found a transporter.
 27784 | Orc:2    | Noticed astraldaughter's ghost (journeyman DgCj)
 27950 | Orc:2    | Found Epheim's Jewellery Emporium.
 27956 | Orc:2    | Bought the ring "Oricax" {rC+ MR+ AC+4} for 778 gold pieces
 27974 | Orc:2    | Bought a glowing scarf for 192 gold pieces
 28089 | Orc:2    | Bought a translucent plate armour for 672 gold pieces
 28099 | Orc:2    | Identified the cursed +1 plate armour of Viedajiu {Int+4}
                  | (You bought it in a shop on level 2 of the Orcish Mines)
 28396 | Snake:1  | Entered Level 1 of the Snake Pit
 28404 | Snake:1  | Reached skill level 17 in Fighting
 28559 | Snake:1  | Gained mutation: When hurt, damage is shared between your
                  | health and your magic reserves. [demonic ancestry]
 28559 | Snake:1  | Reached XP level 16. HP: 113/141 MP: 16/16
 28753 | Snake:1  | Received a gift from Trog
 28884 | Snake:1  | Found Zag Kag's Antique Armour Boutique.
 29350 | Snake:1  | Found Teixauv's Food Shop.
 29438 | Snake:1  | Reached skill level 15 in Axes
 29524 | Snake:1  | Found Foezittack's Assorted Antiques.
 29736 | Snake:2  | Reached skill level 5 in Shields
 30628 | Snake:2  | Received a gift from Trog
 31028 | Snake:3  | Noticed Agnes
 31038 | Snake:3  | Killed Agnes
 31487 | Snake:3  | Noticed Aizul
 31504 | Snake:3  | Killed Aizul
 32237 | Snake:3  | Received a gift from Trog
 32257 | Snake:3  | Identified the cursed +2 mace of Mipresk {venom, rN+ Str+3}
 32271 | Snake:3  | Reached XP level 17. HP: 16/147 MP: 0/17
 32271 | Snake:3  | HP: 10/220 [nagaraja (5)]
 32272 | Snake:3  | Killed from afar by a nagaraja

Levels and vault maps discovered:
D:1:      dpeg_arrival_castle, layout_loops_ring
D:2:      layout_basic, minmay_misc_feat_more_columns, uniq_robin, uniq_terence
D:3:      layout_basic
D:4:      layout_basic, minmay_temple_entry_trees,
          ebering_ghost_reflecting_pool, minmay_between, uniq_sigmund,
          uniq_duvessa, uniq_natasha
D:5:      lemuel_ice_spiral_2, layout_rooms, led_sif_book,
          gammafunk_ghost_nasty_kobolds, first_ration
D:6:      layout_basic, nicolae_ossuary_entry_catacombs,
          minmay_manual_macuahuitl, uniq_menkaure, uniq_pikel
D:7:      layout_rooms, minmay_unpleasant_kobolds
D:8:      layout_basic, the_bakery
D:9:      layout_layer_cave, grunt_lair_entry_orc_guard_hut, basic_altar
D:10:     layout_basic, serial_corexii_hall, chequers_hall_statues_corner_a,
          chequers_hall_statues_y, minmay_misc_feat_nine_boxes,
          nicolae_ru_sacrificial_ziggurat, uniq_grum
D:11:     layout_irregular_city, serial_shops, nicolae_shop_statue_plus,
          uniq_gastronok, uniq_harold
D:12:     minmay_ice_pillars, layout_irregular_city, erik_orc_4, uniq_snorg
D:13:     layout_roguey, special_room [special_room_bee], serial_park_tiny_2,
          nrook_loot_triangle, minmay_crystal_water, minmay_shop_chei,
          uniq_sonja
D:14:     minmay_skewed_foursquare, layout_basic, okawaru_ov_weapons_minmay,
          uniq_nessos
D:15:     hangedman_depths_entry_try_elsewhere_first, layout_irregular_city,
          hangedman_abyss_or_decor_stabs, minmay_fractal_squares_diagonal_5
Lair:1:   layout_chaotic_city, grunt_megastairs_2, lemuel_fruit_fields
Lair:2:   layout_chaotic_city
Lair:3:   layout_cave_pods, uniq_rupert
Lair:4:   layout_long_grid, minmay_shoals_entry_beasts,
          guppyfry_snake_entry_island, basic_altar
Lair:5:   layout_gridlike, slime_altar_1
Lair:6:   grunt_lair_end_beastmaster, layout_regular_city, serial_bayou_pond_a,
          bobbens_dragon_lair_wall, lemuel_fruit_fields, serial_bayou_shore_a,
          lemuel_fruit_tree
Snake:1:  layout_cave_shapes, serial_shops, shop, shop, nicolae_shop_crystal,
          drop_trap, serial_bayou_shore_b
Snake:2:  layout_gridlike, guppyfry_library_mini
Snake:3:  nicolae_cobra_stairs, layout_misc_corridors, serial_bayou_pond_b,
          grunt_ministairs_5, guppyfry_snake_island, uniq_vashnia, uniq_aizul,
          uniq_agnes
Orc:1:    layout_caves, serial_shops, shop, lemuel_statue_altar, uniq_jorgrun
Orc:2:    grunt_orc_cross, layout_caves, serial_shops, shop,
          gammafunk_ghost_arena

Skill      XL: |  1  2  3  4  5  6  7  8  9 10 11 12 13 14 15 16 |
---------------+-------------------------------------------------+-----
Armour         | 2 3 4 5 7 9 10 12 13 | 13.3
Dodging        | 2 3 4 |  4.1
Axes           | 3 4 5 7 10 11 12 13 14 16 | 16.2
Fighting       | 4 5 8 9 10 11 12 15 17 | 17.2
Shields        | 1 4 7 |  7.0

Action                   |  1- 3 |  4- 6 |  7- 9 | 10-12 | 13-15 | 16-18 || total
-------------------------+-------+-------+-------+-------+-------+-------++-------
Melee: Hand axe          |   132 |   241 |   413 |       |       |       ||   786
       War axe           |       |       |   116 |       |       |       ||   116
       Battleaxe         |       |       |    89 |   632 |   783 |       ||  1504
       Flail             |       |       |       |     3 |    12 |       ||    15
       Executioner's axe |       |       |       |       |   109 |    65 ||   174
       Broad axe         |       |       |       |       |    37 |   376 ||   413
Invok: Berserk           |     4 |     8 |     9 |    15 |    25 |     7 ||    68
       Trog's Hand       |       |     1 |     3 |     1 |     5 |       ||    10
       Brothers in Arms  |       |       |       |     2 |     5 |     1 ||     8
Evoke: Wand              |       |       |       |       |     6 |       ||     6
  Use: Scroll            |       |     2 |     7 |     1 |    23 |       ||    33
       Potion            |       |       |     1 |     1 |    11 |     1 ||    14
 Stab: Sleeping          |     2 |       |       |       |       |       ||     2
       Distracted        |       |       |     1 |     7 |     5 |     5 ||    18
       Petrified         |       |       |       |     1 |     3 |       ||     4
       Petrifying        |       |       |       |       |     2 |       ||     2
  Eat: Chunk             |     7 |    15 |    14 |    35 |    35 |     3 ||   109
       Ration            |       |       |     4 |     3 |     7 |     5 ||    19
Armor: Animal skin       |    21 |       |       |       |       |       ||    21
       Ring mail         |       |    68 |       |       |       |       ||    68
       Chain mail        |       |     8 |   308 |   409 |   632 |   222 ||  1579
Dodge: Dodged            |    78 |   108 |   251 |   346 |   551 |   126 ||  1460
Block: Other             |       |    39 |    24 |   125 |   208 |    20 ||   416
       Buckler           |       |     8 |   267 |       |       |       ||   275
       Shield            |       |       |       |       |    34 |   274 ||   308

Table legend:
 A = Non-vault XP
 B = Vault XP
 C = Vault XP percentage of total XP
 D = Non-vault monster count
 E = Vault monster count
 F = Vault count percentage of total count
                 A         B        C        D         E       F
            +---------+---------+-------+---------+---------+-------
      Total |  121376 |   59996 |  33.1 |     680 |     267 |  28.2
            +---------+---------+-------+---------+---------+-------
        D:1 |      51 |       0 |   0.0 |      30 |       0 |   0.0
        D:2 |     102 |      65 |  38.9 |      25 |       9 |  26.5
        D:3 |      64 |       0 |   0.0 |      22 |       0 |   0.0
        D:4 |     388 |     687 |  63.9 |      18 |       9 |  33.3
        D:5 |     352 |       0 |   0.0 |       7 |       0 |   0.0
        D:6 |     355 |    1255 |  78.0 |      11 |      13 |  54.2
        D:7 |    1336 |       8 |   0.6 |      44 |       6 |  12.0
        D:8 |     452 |     211 |  31.8 |      11 |       1 |   8.3
        D:9 |    1101 |     676 |  38.0 |      18 |       6 |  25.0
       D:10 |    1752 |     615 |  26.0 |      26 |       5 |  16.1
       D:11 |    3833 |    3087 |  44.6 |      36 |       2 |   5.3
       D:12 |    4491 |    6421 |  58.8 |      36 |      35 |  49.3
       D:13 |    7360 |    3287 |  30.9 |      37 |      25 |  40.3
       D:14 |   12331 |    1617 |  11.6 |      47 |       3 |   6.0
       D:15 |    9020 |    4793 |  34.7 |      32 |      10 |  23.8
     Lair:1 |    3433 |     764 |  18.2 |      19 |       3 |  13.6
     Lair:2 |    2948 |       0 |   0.0 |      10 |       0 |   0.0
     Lair:3 |    3168 |       0 |   0.0 |      14 |       0 |   0.0
     Lair:4 |    4418 |     692 |  13.5 |      21 |       2 |   8.7
     Lair:5 |    4210 |       0 |   0.0 |      19 |       0 |   0.0
     Lair:6 |    8804 |   10450 |  54.3 |      29 |      31 |  51.7
    Snake:1 |   14859 |       0 |   0.0 |      35 |       0 |   0.0
    Snake:2 |   18486 |    3552 |  16.1 |      33 |       9 |  21.4
    Snake:3 |   13823 |   15224 |  52.4 |      32 |      21 |  39.6
      Orc:1 |    1953 |       0 |   0.0 |      32 |       0 |   0.0
      Orc:2 |    2286 |    6088 |  72.7 |      36 |      38 |  51.4
    Ossuary |       0 |     504 | 100.0 |       0 |      39 | 100.0
            +---------+---------+-------+---------+---------+-------
